 Dungeon Crawl Stone Soup version 0.28-a0-863-g8cecda6153 (webtiles) character file.

Game seed: 1574920824209193238

166 croobank the Skirmisher (level 5, 0/41 (42) HPs)
             Began as a Formicid Abyssal Knight on Nov 17, 2021.
             Was a Priest of Lugonu.
             Slain by Edmund (1 damage)
             ... on level 4 of the Dungeon.
             The game lasted 00:25:55 (3970 turns).

croobank the Skirmisher (Formicid Abyssal Knight)   Turns: 3970, Time: 00:25:56

HP:   0/41 (42)     AC:  6    Str: 19    XL:     5   Next: 76%
MP:   7/7           EV: 11    Int:  9    God:    Lugonu [***...]
Gold: 72            SH:  5    Dex: 11    Spells: 3/5 levels left

rFire   . . .      SeeInvis +   a - +1 hand axe (freeze)
rCold   . . .      Faith    .   (no shield)
rNeg    . . .      Spirit   .   b - +0 leather armour
rPois   .          Reflect  +   (helmet unavailable)
rElec   .          Harm     .   (no cloak)
rCorr   .          Rampage  .   d - +0 pair of gloves
Will    .....                   m - +1 pair of boots
Stlth   +.........              p - amulet of reflection
HPRegen 0.13/turn               (no ring)
MPRegen 0.10/turn               (no ring)

@: lightly drained
A: permanent stasis, dig shafts and tunnels, antennae 3, four strong arms
a: Dig, Shaft Self, Renounce Religion, Depart the Abyss, Bend Space, Banish


You were on level 4 of the Dungeon.
You worshipped Lugonu.
Lugonu was most pleased with you.
You visited 1 branch of the dungeon, and saw 4 of its levels.
You visited the Abyss 1 time.

You collected 130 gold pieces.
You spent 58 gold pieces at shops.

Inventory:

Hand Weapons
 a - a +1 hand axe of freezing (weapon)
 s - a +0 halberd
 t - a +2 dagger of draining
 u - a +2 dagger of draining
Missiles
 c - 60 stones
 g - 19 arrows
 i - 6 atropa-tipped darts
 j - 20 bolts
 k - 42 sling bullets
Armour
 b - a +0 leather armour (worn)
 d - a +0 pair of gloves (worn)
 e - a +0 chain mail
 h - a +0 ring mail
 m - a +1 pair of boots (worn)
Jewellery
 p - an amulet of reflection (around neck)
Wands
 n - a wand of flame (13)
Scrolls
 r - 2 scrolls of brand weapon
Potions
 f - a potion of curing
 l - a potion of brilliance
 o - a potion of flight {unknown}


   Skills:
 + Level 4.2 Fighting
 + Level 3.3 Axes
 + Level 0.1 Throwing
 + Level 2.9 Armour
 + Level 1.3 Dodging
 + Level 1.2 Stealth
 + Level 0.8 Spellcasting
 + Level 1.1 Necromancy
 + Level 2.7 Invocations
 + Level 0.1 Evocations


You had 3 spell levels left.
You knew the following spells:

 Your Spells              Type           Power      Damage    Failure   Level
a - Pain                  Necr           8%         1d4       28%         1
b - Animate Skeleton      Necr           4%         N/A       28%         1

Your spell library contained the following spells:

 Spells                   Type           Power      Damage    Failure   Level
 Beastly Appendage        Tmut           0%         N/A       41%         1
 Wereblood                Tmut           0%         N/A       56%         2
 Vampiric Draining        Necr           2%         2d6       63%         3
 Gell's Gravitas          Tloc           0%         N/A       80%         3
 Spider Form              Tmut/Pois      0%         N/A       80%         3
 Teleport Other           Tloc           0%         N/A       80%         3
 Dispersal                Tloc           0%         N/A       100%        6


Dungeon Overview and Level Annotations

Branches:
Dungeon (4/15)
 Temple: D:4-7

Altars:
Kikubaaqudgha
Ru
Trog
Uskayaw
Vehumet

Shops:
D:3 [

Annotations:
D:3 exclusion: statue
D:4 Edmund


Innate Abilities, Weirdness & Mutations

You cannot be hasted, slowed, berserked, paralysed or teleported.
You can dig through walls and to a lower floor.
You have a pair of large antennae on your head. (SInv)
Your four strong arms can wield two-handed weapons with a shield.


Message History

Aiming: Throw Flame
Press: ? - help, Shift-Dir - straight line, f - Edmund
Aim: Edmund, wielding a +2 vorpal dire flail and wearing a +0 ring mail (72% to hit)
The puff of flame hits Edmund but does no damage.
Aiming: Throw Flame
Press: ? - help, Shift-Dir - straight line, f/p - Edmund
Aim: Edmund, wielding a +2 vorpal dire flail and wearing a +0 ring mail (72% to hit)
The puff of flame misses Edmund.
That's the wrong kind of item! (Use * to select it.) Evoke which item? (* to show all) (? for menu, Esc to quit)
That's the wrong kind of item! (Use * to select it.) Evoke which item? (* to show all) (? for menu, Esc to quit)
Okay, then.
Aiming: Throw Flame
Press: ? - help, Shift-Dir - straight line, f/p - Edmund
Aim: Edmund, wielding a +2 vorpal dire flail and wearing a +0 ring mail (72% to hit)
The puff of flame hits Edmund.
Edmund is lightly wounded.
Aiming: Throw Flame
Press: ? - help, Shift-Dir - straight line, f/p - Edmund
Aim: Edmund, wielding a +2 vorpal dire flail and wearing a +0 ring mail (lightly wounded, 72% to hit)
The puff of flame misses Edmund.
Aiming: Throw Flame
Press: ? - help, Shift-Dir - straight line, f/p - Edmund
Aim: Edmund, wielding a +2 vorpal dire flail and wearing a +0 ring mail (lightly wounded, 72% to hit)
The puff of flame hits Edmund.
Edmund is lightly wounded.
You barely miss Edmund.
Edmund is lightly wounded.
You block Edmund's attack.
You hit Edmund but do no damage.
Edmund is lightly wounded.
Edmund drinks a potion.
Edmund seems to grow stronger.
Edmund hits you with a +2 vorpal dire flail!
As you read the scroll labelled SUNUTSOECU, it crumbles to dust.
Wisps of shadow whirl around you...
It was a scroll of summoning.
Edmund hits you with a +2 vorpal dire flail!!
Ouch! That really hurt!
* * * LOW HITPOINT WARNING * * *
You die...

##.####.....(..# ##
#.# ##......# .# #.#
#......# .### #.# ..
...#####.##### ##.####
.........#...##
......#
####...>......##
...[..#
#............##.J....#
#...........n.@@<....#
#............##.g....#
##..........## ......#
##...##...## ...g..#
########## ..g...#
#######


You could see Edmund (strong, ally target), a friendly necrophage (summoned), 3
friendly gnolls and a friendly endoplasm (summoned).

Vanquished Creatures
  An orc wizard (D:4)
  3 adders
  4 gnolls (D:3)
  4 orcs (D:4)
  10 ball pythons
  5 bats
  8 endoplasms
  4 giant cockroaches
  3 goblins
  6 hobgoblins
  3 jackals (D:1)
  10 kobolds
  A quokka (D:4)
  6 frilled lizards
  A rat (D:3)
  A spectral kobold (D:1)
70 creatures vanquished.

Vanquished Creatures (others)
  8 fungi (D:3)
8 creatures vanquished.

Grand Total: 78 creatures vanquished

Notes
Turn   | Place    | Note
-------+----------+-------------------------------------------
     0 | Abyss:1  | croobank the Formicid Abyssal Knight began the quest for
                  | the Orb.
     0 | Abyss:1  | Reached XP level 1. HP: 18/18 MP: 2/2
    13 | D:1      | Escaped the Abyss
   305 | D:1      | Reached XP level 2. HP: 23/24 MP: 3/3
   382 | D:1      | You fall into a shaft and drop 1 floor!
   576 | D:2      | Reached skill level 4 in Fighting
   576 | D:2      | Reached XP level 3. HP: 17/30 MP: 4/4
   767 | D:1      | Found a faded altar of an unknown god.
   924 | D:1      | Learned a level 1 spell: Pain
   970 | D:1      | Reached ** piety under Lugonu
  1125 | D:1      | Learned a level 1 spell: Animate Skeleton
  1208 | D:1      | Reached skill level 1 in Dodging
  1208 | D:1      | Reached XP level 4. HP: 34/37 MP: 6/6
  1616 | D:2      | You fall into a shaft and drop 1 floor!
  1967 | D:3      | Found a radiant altar of Vehumet.
  1967 | D:3      | Noticed a charred statue
  1967 | D:3      | Noticed a steam dragon
  2048 | D:3      | Found a bloodstained altar of Trog.
  2338 | D:2      | You fall into a shaft and drop 2 floors!
  2690 | D:3      | Found Uggem's Armour Boutique.
  2698 | D:3      | Bought a +0 pair of boots for 58 gold pieces
  2855 | D:3      | Reached skill level 1 in Necromancy
  2862 | D:3      | Reached skill level 1 in Stealth
  2868 | D:3      | You fall into a shaft and drop 1 floor!
  2868 | D:4      | Found an ancient bone altar of Kikubaaqudgha.
  3182 | D:4      | Found a hide-covered altar of Uskayaw.
  3183 | D:4      | Noticed a black bear
  3390 | D:3      | Reached XP level 5. HP: 42/42 MP: 7/7
  3469 | D:3      | You fall into a shaft and drop 1 floor!
  3895 | D:4      | Found a sacrificial altar of Ru.
  3926 | D:4      | Reached *** piety under Lugonu
  3961 | D:4      | Noticed Edmund
  3970 | D:4      | HP: 1/41 [Edmund (22)]
  3970 | D:4      | Slain by Edmund

Illustrated notes

Levels and vault maps discovered:
D:1:      minmay_arrival_widening_spiral_narrow, layout_basic,
          dreamdust_ecumenical_altar_drowned_temple, minmay_vboxes
D:2:      layout_basic, grunt_decor_clamped
D:3:      layout_basic, mainiacjoe_overflow_cross_hatched, vehumet_statue,
          serial_shops, shop
D:4:      layout_rooms, nicolae_ru_great_annihilating_truth,
          grunt_dithmenos_smoke_and_mirrors, mainiacjoe_overflow_two_lobes,
          wad_orctagon, uniq_duvessa, uniq_edmund

Skill      XL: |  1  2  3  4  5 |
---------------+----------------+-----
Fighting       | 4 |  4.2
Dodging        | 1 |  1.3
Necromancy     | 1 |  1.1
Stealth        | 1 |  1.2
Axes           | 3 |  3.3
Throwing       | |  0.1
Armour         | |  2.9
Spellcasting   | |  0.8
Invocations    | |  2.7
Evocations     | |  0.1

Action                   |  1- 3 |  4- 6 || total
-------------------------+-------+-------++-------
Melee: Hand axe          |    78 |   129 ||   207
Throw: Stone             |     1 |       ||     1
       Dart              |       |     2 ||     2
 Cast: Pain              |     6 |     8 ||    14
 Abil: Dig               |     3 |     4 ||     7
       Shaft Self        |     2 |     4 ||     6
Evoke: Wand              |       |     8 ||     8
  Use: Scroll            |       |     6 ||     6
       Potion            |       |     1 ||     1
 Stab: Paralysed         |       |     1 ||     1
Armor: Leather armour    |    37 |    38 ||    75
Dodge: Dodged            |    50 |    84 ||   134
Block: Other             |       |    10 ||    10

Table legend: (Time is in decaauts)
 A = Elapsed time spent in this place.
 B = Non-inter-level travel time spent in this place.
 C = Inter-level travel time spent in this place.
 D = Time resting spent in this place.
 E = Time spent auto-exploring this place.
 F = Levels seen in this place.
 G = Mean time per level.
                   A        B        C        D        E       F      G
               +--------+--------+--------+--------+--------+-----+--------+
         Total |   4026 |   4013 |     13 |   1658 |   1169 |   5 |  805.2 |
       Dungeon |   4013 |   4000 |     13 |   1658 |   1169 |   4 | 1003.2 |
         Abyss |     13 |     13 |      0 |      0 |      0 |   1 |   13.0 |
               +--------+--------+--------+--------+--------+-----+--------+

Top non-repeatable levels by time:
     D:4: 1217 daAuts
     D:1: 1216 daAuts
     D:3: 976 daAuts
     D:2: 603 daAuts
 Abyss:1: 13 daAuts
